 Dungeon Crawl Stone Soup version 0.23.2-33-g5129a83184 (webtiles) character file.

Game seed: 6108115641999317822

837 Descartes the Sneak (level 7, -6/31 HPs)
             Began as a Felid Conjurer on Aug 2, 2019.
             Mangled by a gnoll sergeant
             ... wielding a +1 spear of freezing
              (10 damage)
             ... on level 6 of the Dungeon.
             The game lasted 00:31:21 (11470 turns).

Descartes the Sneak (Felid Conjurer)               Turns: 11470, Time: 00:31:21

Health: -6/31      AC:  4    Str:  8    XL:     7   Next: 66%
Magic:  2/15       EV: 22    Int: 19    God:
Gold:   229        SH:  4    Dex: 18    Spells: 1/15 levels left
                                        Lives:  0   Deaths: 2

rFire    . . .     SeeInvis +     - Unarmed
rCold    . . .     Gourm    .   (shield unavailable)
rNeg     . . .     Faith    .   (armour unavailable)
rPois    .         Spirit   .   (helmet unavailable)
rElec    .         Reflect  +   (cloak unavailable)
rCorr    .         Harm     .   (gloves unavailable)
MR       +....                  (boots unavailable)
Stlth    ++++......             p - +4 amulet of reflection
HPRegen  0.10/turn              (no ring)
MPRegen  0.14/turn              m - +4 ring of strength

@: very slightly contaminated, quick
A: very small, no armour, no weapons or thrown items, stealth, claws 1, fangs 3,
slimy green scales 1, see invisible, agile 1, carnivore, speed 1, shaggy fur 2,
slow metabolism 1, subdued magic 1, sharp paws
a: no special abilities


You were on level 6 of the Dungeon.
You were not hungry.

You visited 2 branches of the dungeon, and saw 8 of its levels.

You collected 229 gold pieces.

Inventory:

Missiles
 g - 87 arrows
Jewellery
 a - an uncursed ring of fire
 m - a +4 ring of strength (right paw)
 p - a +4 amulet of reflection (around neck)
Wands
 i - a wand of polymorph (3)
Scrolls
 d - 3 scrolls of identify
 e - 2 scrolls of teleportation
 h - 2 scrolls of immolation
 k - 2 scrolls of amnesia
 n - 2 scrolls of remove curse
 q - 2 scrolls of magic mapping {unknown}
 r - a scroll of silence {unknown}
Potions
 c - 2 potions of magic {unknown}
 f - 2 potions of resistance {unknown}
 j - 2 potions of curing
 l - 2 potions of lignification
 o - a potion of haste
 s - a potion of berserk rage {unknown}
Comestibles
 b - 6 rations


   Skills:
 + Level 3.3 Fighting
 + Level 6.5 Dodging
 + Level 7.2 Stealth
 + Level 4.1 Unarmed Combat
 + Level 4.6 Spellcasting
 + Level 5.5 Conjurations
 + Level 5.1 Hexes


You had one spell level left.
You knew the following spells:

 Your Spells              Type           Power        Failure   Level  Hunger
a - Magic Dart            Conj           ###.         1%          1    None
b - Searing Ray           Conj           ###...       1%          2    #......
c - Iskenderun's Mystic   Conj           ###.....     11%         4    ####...
d - Dazzling Spray        Conj/Hex       ###...       3%          3    ###....
e - Fulminant Prism       Conj/Hex       ###.......   12%         4    ####...

Your spell library contained the following spells:

 Spells                   Type           Power        Failure   Level  Hunger
 Force Lance              Conj/Tloc      ##......     34%         4    ####...


Dungeon Overview and Level Annotations

Branches:
Dungeon (7/15)             Temple (1/1) D:4

Altars:
Ashenzari
Cheibriados
Dithmenos
Elyvilon
Fedhas
Hepliaklqana
Kikubaaqudgha
Makhleb
Okawaru
Qazlal
Ru
Sif Muna
Trog
Uskayaw
Vehumet
Wu Jian
Xom
Yredelemnul
Zin
The Shining One


Innate Abilities, Weirdness & Mutations

You cannot wear armour.
You are incapable of wielding weapons or throwing items.
Your paws allow you to move quietly. (Stealth)
You have sharp claws.
You have razor-sharp teeth.
You have supernaturally acute eyesight. (SInv)
You are carnivorous and can eat meat at any time.
You cover ground quickly.
You are covered in thick fur. (AC +2)
You have a slow metabolism.
Your sharp claws are effective at attacking unaware monsters.
You are partially covered in slimy green scales. (AC +2)
You are agile. (Dex +2)
Your spells are a little easier to cast, but a little less powerful.


Message History

The gnoll sergeant is almost dead.
The gnoll sergeant misses you.
You scratch the gnoll sergeant but do no damage.
Your claw misses the gnoll sergeant.
The gnoll sergeant is almost dead.
The gnoll sergeant hits you with a +1 spear of freezing!
* * * LOW HITPOINT WARNING * * *
The gnoll sergeant freezes you.
* * * LOW HITPOINT WARNING * * *
You scratch the gnoll sergeant but do no damage.
You bite the gnoll sergeant, but do no damage.
The gnoll sergeant is almost dead.
The gnoll sergeant closely misses you.
You scratch the gnoll sergeant.
The gnoll sergeant is almost dead.
The gnoll sergeant misses you.
You closely miss the gnoll sergeant.
The gnoll sergeant is almost dead.
The gnoll sergeant hits you with a +1 spear of freezing!
You die...

....##...###.##########..##...###
...........#...#...#.....#.......
...........#...#...#.....'.......
...###.##.##.####..####'#########
######.##'#######..##....###..###
#...#........................
#...#........................
#...#........g...............
#...#.......@................
#..##..####>.########+##..###
#####'###..####..######...##..###
...#...[.........#...............
...#.............'...............
...#.............#...............
.......#...##.#####.###..###...##
##########.##.##.######..###...##
#......#.......รท.........


You could see a gnoll sergeant.

Vanquished Creatures
  3 phantoms
  A black bear (D:3)
  4 ogres
  A centaur (D:6)
  3 scorpions
  A jelly (D:5)
  A howler monkey (D:6)
  4 crimson imps
  A quasit (D:5)
  An orc priest (D:7)
  2 hounds
  A bullfrog skeleton (D:5)
  Jessica (D:3)
  Natasha (thrice) (D:2)
  2 iguanas
  An orc wizard (D:3)
  4 worker ants
  A killer bee zombie (D:5)
  A worker ant zombie (D:4)
  6 gnolls
  8 adders
  2 shadow imps
  3 adder skeletons
  2 worms
  4 dart slugs (D:1)
  6 leopard geckos
  15 orcs
  5 bats
  6 giant cockroaches
  10 goblins
  2 hobgoblins
  12 jackals
  6 kobolds
  3 quokkas
  4 frilled lizards
  A jackal skeleton (D:4)
  A jackal zombie (D:6)
  5 rats
137 creatures vanquished.

Vanquished Creatures (others)
  4 fulminant prisms
4 creatures vanquished.

Grand Total: 141 creatures vanquished

Notes
Turn   | Place    | Note
-------+----------+-------------------------------------------
     0 | D:1      | Descartes the Felid Conjurer began the quest for the Orb.
     0 | D:1      | Reached XP level 1. HP: 7/7 MP: 4/4
   263 | D:1      | Reached skill level 3 in Stealth
   263 | D:1      | Reached XP level 2. HP: 11/11 MP: 0/6
   324 | D:1      | Learned a level 2 spell: Searing Ray
   859 | D:1      | Reached XP level 3. HP: 14/14 MP: 3/7
  1756 | D:1      | Reached XP level 4. HP: 9/18 MP: 1/8
  2054 | D:2      | Noticed Natasha
  2059 | D:2      | Killed Natasha
  2059 | D:2      | Reached skill level 4 in Stealth
  2059 | D:2      | Reached skill level 1 in Unarmed Combat
  2504 | D:2      | Noticed Natasha
  2743 | D:2      | Found a bloodstained altar of Trog.
  2744 | D:2      | Found a basalt altar of Yredelemnul.
  2744 | D:2      | Found a hazy altar of Hepliaklqana.
  2744 | D:2      | Found a deep blue altar of Sif Muna.
  2757 | D:2      | Reached XP level 5. HP: 21/21 MP: 4/10
  2820 | D:2      | Found a white marble altar of Elyvilon.
  2820 | D:2      | Found a sacrificial altar of Ru.
  2879 | D:2      | Killed Natasha
  3354 | D:2      | Noticed Natasha
  3359 | D:2      | Killed Natasha
  3701 | D:2      | Found a bloodstained altar of Trog.
  3704 | D:2      | Found a basalt altar of Yredelemnul.
  3704 | D:2      | Found a hazy altar of Hepliaklqana.
  3704 | D:2      | Found a deep blue altar of Sif Muna.
  3710 | D:2      | Found a sacrificial altar of Ru.
  3710 | D:2      | Found a white marble altar of Elyvilon.
  3970 | D:3      | Learned a level 4 spell: Iskenderun's Mystic Blast
  3974 | D:3      | Learned a level 3 spell: Dazzling Spray
  4249 | D:3      | Gained mutation: You are clumsy. (Dex -2) [potion of
                  | mutation]
  4249 | D:3      | Lost mutation: You are clumsy. (Dex -2) [potion of
                  | mutation]
  4249 | D:3      | Gained mutation: You are resistant to electric shocks.
                  | (rElec) [potion of mutation]
  4249 | D:3      | Gained mutation: Your mind is acute. (Int +2) [potion of
                  | mutation]
  4250 | D:3      | Lost mutation: Your mind is acute. (Int +2) [potion of
                  | mutation]
  4250 | D:3      | Lost mutation: You are resistant to electric shocks.
                  | (rElec) [potion of mutation]
  4250 | D:3      | Gained mutation: You are partially covered in slimy green
                  | scales. (AC +2) [potion of mutation]
  4250 | D:3      | Gained mutation: Your spells are a little easier to cast,
                  | but a little less powerful. [potion of mutation]
  4250 | D:3      | Gained mutation: You are agile. (Dex +2) [potion of
                  | mutation]
  4587 | D:3      | Noticed Jessica
  4590 | D:3      | Reached skill level 1 in Hexes
  4590 | D:3      | Gained mutation: You are covered in thick fur. (AC +2)
                  | [Felid growth]
  4590 | D:3      | Reached XP level 6. HP: 17/24 MP: 1/11
  4685 | D:3      | Killed Jessica
  5077 | D:3      | Reached skill level 5 in Stealth
  5518 | D:3      | Reached skill level 1 in Fighting
  5518 | D:3      | Reached XP level 7. HP: 25/28 MP: 5/13
  5850 | D:4      | Found a staircase to the Ecumenical Temple.
  5859 | Temple   | Entered the Ecumenical Temple
  6025 | D:4      | Slain by an ogre
  6026 | D:4      | Reached XP level 6. HP: 0/25 MP: 8/12
  6313 | D:3      | Reached skill level 5 in Dodging
  6944 | D:4      | Reached XP level 7. HP: 28/29 MP: 1/13
  7164 | D:5      | Entered Level 5 of the Dungeon
  7408 | D:5      | Reached skill level 6 in Stealth
  7533 | D:5      | Reached skill level 5 in Conjurations
  8285 | D:5      | Found a radiant altar of Vehumet.
  8285 | D:5      | Found a burning altar of Makhleb.
  8547 | D:5      | Reached XP level 8. HP: 34/34 MP: 11/15
  8675 | D:5      | Learned a level 4 spell: Fulminant Prism
  9547 | D:6      | Reached skill level 7 in Stealth
 10070 | D:7      | Found a white marble altar of Elyvilon.
 10283 | D:7      | Reached skill level 5 in Hexes
 10543 | D:7      | Shot with an arrow by a centaur
 10544 | D:7      | Reached XP level 7. HP: -2/31 MP: 4/14
 11470 | D:6      | Mangled by a gnoll sergeant

Skill      XL: |  1  2  3  4  5  6  7  8 |
---------------+-------------------------+-----
Dodging        | 3 4 5 6 |  6.5
Stealth        | 3 4 5 6 7 |  7.2
Conjurations   | 4 5 |  5.5
Unarmed Combat | 1 2 3 4 |  4.1
Spellcasting   | 3 4 |  4.6
Hexes          | 1 3 4 5 |  5.1
Fighting       | 1 2 3 |  3.3

Action                   |  1- 3 |  4- 6 |  7- 9 || total
-------------------------+-------+-------+-------++-------
Melee: Unarmed           |     2 |    33 |    83 ||   118
       Bite              |       |     2 |    13 ||    15
       Punch             |       |       |     3 ||     3
 Cast: Magic Dart        |    91 |   261 |   241 ||   593
       Iskenderun's Myst |       |     1 |     1 ||     2
       Dazzling Spray    |       |     1 |    21 ||    22
       Fulminant Prism   |       |       |     4 ||     4
       Searing Ray       |       |       |     1 ||     1
  Use: Potion            |       |     6 |       ||     6
       Scroll            |       |     4 |     5 ||     9
 Stab: Confused          |       |     1 |       ||     1
       Invisible         |       |       |     5 ||     5
       Sleeping          |       |       |     1 ||     1
  Eat: Chunk             |    10 |    14 |     9 ||    33
Armor: Skin              |     3 |     8 |    19 ||    30
Dodge: Dodged            |    16 |    98 |   146 ||   260
Block: Other             |       |       |    20 ||    20
       Reflection        |       |       |     1 ||     1
